 Dungeon Crawl Stone Soup version 0.27-a0-1442-g87b6fcb595 (webtiles) character file.

Game seed: 11769506473399920319

8722 quinnr the Zephyrmancer (level 11, -1/64 HPs)
             Began as a Tengu Air Elementalist on July 4, 2021.
             Was a Believer of Vehumet.
             Slain by a cane toad (15 damage)
             ... on level 8 of the Dungeon.
             The game lasted 00:36:44 (17094 turns).

quinnr the Zephyrmancer (Tengu Air Elementalist)   Turns: 17094, Time: 00:36:45

Health: -1/64      AC:  7    Str: 15    XL:     11   Next: 35%
Magic:  5/21       EV: 18    Int: 19    God:    Vehumet [**....]
Gold:   251        SH:  0    Dex: 14    Spells: 12/22 levels left

rFire    + . .     SeeInvis .   f - staff of fire
rCold    . . .     Faith    .   (no shield)
rNeg     . . .     Spirit   .   M - +2 robe of Limited Liability {Str+6}
rPois    .         Reflect  .   r - +2 hat
rElec    .         Harm     .   A - +0 cloak
rCorr    .         Rampage  .   (no gloves)
Will     ++...                  (boots unavailable)
Stlth    +++.......             P - amulet of the acrobat
HPRegen  0.20/turn              T - ring of willpower
MPRegen  0.17/turn              q - ring of willpower

@: lethally poisoned (-1 -> -9), flying quickly and evasively, quick
A: beak, talons 3, nimble flight
a: Renounce Religion


You were on level 8 of the Dungeon.
You worshipped Vehumet.
Vehumet was pleased with you.
You visited 3 branches of the dungeon, and saw 12 of its levels.

You collected 501 gold pieces.
You spent 250 gold pieces at shops.

Inventory:

Hand Weapons
 e - a +4 dagger
 h - a +0 short sword of holy wrath
 B - a +3 quarterstaff of chaos
 I - a +1 dagger of speed
 K - the +7 rapier "Luzuwig" {holy, Str+2 SInv}
   (You found it on level 7 of the Dungeon)

   It has been blessed by the Shining One to cause great damage to the undead
   and demons.
   Str:       It affects your strength (+2).
   SInv:      It lets you see invisible.
 R - a +2 whip of electrocution
Missiles
 g - 3 boomerangs of dispersal
 t - 58 poisoned darts
 O - a curare-tipped dart
Armour
 r - a +2 hat (worn)
 A - a +0 cloak (worn)
 L - the +2 robe "Uruijahi" {Harm Fly MP-9 Dex+5}
   (You bought it in a shop on level 8 of the Dungeon)

   Dex:       It affects your dexterity (+5).
   MP:        It affects your magic capacity (-9).
   Fly:       It grants you flight.
   Harm:      It increases damage dealt and taken.
 M - the +2 robe of Limited Liability (worn) {Str+6}
   (You bought it in a shop on level 8 of the Dungeon)

   Str:       It affects your strength (+6).
 N - a +2 robe of willpower
Magical Staves
 f - a staff of fire (weapon)
Jewellery
 a - a +6 ring of dexterity
 n - a ring of see invisible
 q - a ring of willpower (right hand)
 s - a ring of positive energy
 E - a ring of positive energy
 P - an amulet of the acrobat (around neck)
 Q - a ring of protection from cold
 T - a ring of willpower (left hand)
Wands
 j - a wand of polymorph (4)
 y - a wand of mindburst (5)
 F - a wand of digging (6)
 H - a wand of flame (15)
Scrolls
 b - 2 scrolls of immolation {unknown}
 c - 3 scrolls of amnesia {unknown}
 m - 6 scrolls of teleportation
 o - 4 scrolls of fear
 v - a scroll of fog
 x - 2 scrolls of magic mapping
 C - a scroll of blinking {unknown}
 J - 2 scrolls of identify
 S - 3 scrolls of vulnerability {unknown}
Potions
 d - 5 potions of curing
 i - 2 potions of flight
 k - a potion of attraction
 p - 2 potions of mutation
 u - 3 potions of might {unknown}
 w - 2 potions of lignification
 z - a potion of ambrosia {unknown}
 D - 2 potions of magic {unknown}
 G - a potion of haste


   Skills:
 + Level 5.7 Fighting
 - Level 4.0 Armour
 + Level 7.1 Dodging
 - Level 5.0 Stealth
 - Level 6.0 Spellcasting
 + Level 7.3 Conjurations
 - Level 14.0 Air Magic
 - Level 3.0 Evocations


You had 12 spell levels left.
You knew the following spells:

 Your Spells              Type           Power      Damage    Failure   Level
a - Shock                 Conj/Air       100%       1d9       1%          1
b - Airstrike             Air            28%        N/A       1%          4
c - Poisonous Vapours     Pois/Air       64%        N/A       1%          2
d - Swiftness             Air            56%        N/A       1%          3

Your spell library contained the following spells:

 Spells                   Type           Power      Damage    Failure   Level
 Magic Dart               Conj           100%       1d8       1%          1
 Searing Ray              Conj           66%        3d5       1%          2
 Static Discharge         Conj/Air       46%        N/A       1%          2
 Conjure Flame            Conj/Fire      29%        6-21      8%          3
 Beastly Appendage        Tmut           10%        N/A       11%         1
 Wereblood                Tmut           5%         N/A       17%         2
 Fulminant Prism          Conj/Hex       9%         3d7       24%         4
 Sticky Flame             Conj/Fire      29%        2d5       24%         4
 Ignite Poison            Fire/Tmut/Pois 8%         N/A       32%         3
 Spider Form              Tmut/Pois      2%         N/A       32%         3
 Summon Ice Beast         Ice/Summ       5%         N/A       73%         4
 Summon Mana Viper        Hex/Summ       5%         N/A       97%         5
 Monstrous Menagerie      Summ           2%         N/A       100%        7


Dungeon Overview and Level Annotations

Branches:
Dungeon (10/15)            Temple (1/1) D:7            Lair (1/6) D:8
    Orc: D:9-12

Altars:
Ashenzari
Cheibriados
Dithmenos
Elyvilon
Fedhas
Gozag
Hepliaklqana
Kikubaaqudgha
Makhleb
Nemelex Xobeh
Okawaru
Qazlal
Ru
Sif Muna
Trog
Uskayaw
Vehumet
Wu Jian
Xom
Yredelemnul
Zin
The Shining One

Shops:
D:7 *   D:8 *(([   D:9 (

Annotations:
D:6 2 transporters, Dordric's ghost, novice FoFi


Innate Abilities, Weirdness & Mutations

You have a beak for a mouth.
You have claws for feet.
Your magical nature lets you fly swiftly and evasively.


Message History

Confirm with . or Enter, or press ? or * to list all spells.
Aiming: Airstrike (safe; 1% risk of failure)
Press: ? - help, Dir - move target, f - cane toad
Aim: a cane toad The air twists around and strikes the cane toad!
The cane toad is moderately wounded.
The cane toad stings you.
You are poisoned.
The cane toad poisons you!
Casting: Airstrike (safe; 1% risk of failure)
Confirm with . or Enter, or press ? or * to list all spells.
Aiming: Airstrike (safe; 1% risk of failure)
Press: ? - help, Dir - move target, f/p - cane toad
Aim: a cane toad (moderately wounded)
The air twists around and strikes the cane toad!
The cane toad is heavily wounded.
You feel very sick. The cane toad misses you.
Casting: Airstrike (safe; 1% risk of failure)
Confirm with . or Enter, or press ? or * to list all spells.
Aiming: Airstrike (safe; 1% risk of failure)
Press: ? - help, Dir - move target, f/p - cane toad
Aim: a cane toad (heavily wounded)
The air twists around and strikes the cane toad!
The cane toad is severely wounded.
You feel very sick. The cane toad misses you. The cane toad barely misses you.
Casting: Airstrike (safe; 1% risk of failure)
Confirm with . or Enter, or press ? or * to list all spells.
Aiming: Airstrike (safe; 1% risk of failure)
Press: ? - help, Dir - move target, f/p - cane toad
Aim: a cane toad (severely wounded)
The air twists around and strikes the cane toad!
The cane toad is almost dead.
You feel very sick. The cane toad stings you!
* * * LOW HITPOINT WARNING * * *
Unknown command.
You feel much better.
You feel sick. The cane toad stings you!
You die...

#..............#######
#..............#
#..............#
#...........#..#
##......#....#..#
#......###..##.##
#......# #####.#
#....#F# #.# ##..###@#
#.# #..## ### #.#
##..# #.# #..## #.#
##.## ##.# ## ##.##
#..# .######..# #.##
[....#..## ####### #.#
# .......##
####.....## #.# #


You could see a cane toad.

Vanquished Creatures
  A two-headed ogre (D:10)
  An ice statue (D:9)
  Joseph (D:9)
  2 wyverns
  17 yaks
  Eustachio (D:3)
  A steam dragon (D:7)
  An ice beast (D:3)
  6 orc warriors
  A sky beast (D:6)
  An ogre (D:5)
  3 centaurs
  A phantom (D:5)
  4 kobold brigands
  2 bullfrogs
  A scorpion (D:4)
  A wyvern zombie (D:7)
  2 water moccasin skeletons (D:4)
  A wyvern skeleton (D:7)
  11 killer bees
  4 howler monkeys
  12 wights
  3 centaur zombies
  Crazy Yiuf (D:5)
  10 orc priests
  A hound (D:6)
  3 jellies
  11 orc wizards
  4 iguanas
  2 killer bee zombies (D:8)
  A hound skeleton (D:4)
  4 gnolls (D:2)
  6 adders
  2 shadow imps
  A white imp (D:6)
  2 worms
  3 dart slugs
  32 orcs
  3 endoplasms
  5 goblins
  7 hobgoblins
  5 jackals
  A quokka (D:4)
  5 ball pythons
  6 bats
  3 frilled lizards (D:1)
  30 kobolds
  3 rats
  A bush (D:1)
230 creatures vanquished.

Vanquished Creatures (others)
  44 plants
  2 withered plants (D:7)
46 creatures vanquished.

Grand Total: 276 creatures vanquished

Notes
Turn   | Place    | Note
-------+----------+-------------------------------------------
     0 | D:1      | quinnr the Tengu Air Elementalist began the quest for the
                  | Orb.
     0 | D:1      | Reached XP level 1. HP: 10/10 MP: 4/4
   525 | D:1      | Reached XP level 2. HP: 15/15 MP: 1/6
  1095 | D:1      | Reached skill level 5 in Air Magic
  1780 | D:2      | Reached XP level 3. HP: 19/19 MP: 5/7
  1799 | D:2      | Found a shimmering altar of Xom.
  2133 | D:2      | Reached skill level 6 in Air Magic
  2193 | D:2      | Reached XP level 4. HP: 19/24 MP: 0/8
  2337 | D:2      | Found a faded altar of an unknown god.
  3013 | D:3      | Reached skill level 7 in Air Magic
  3218 | D:3      | Noticed an ice beast
  3225 | D:3      | Learned a level 4 spell: Airstrike
  3277 | D:3      | Killed an ice beast
  3278 | D:3      | Reached skill level 8 in Air Magic
  3278 | D:3      | Gained mutation: Your magical nature lets you fly swiftly
                  | and evasively. [Tengu growth]
  3278 | D:3      | Reached XP level 5. HP: 28/28 MP: 0/9
  3638 | D:3      | Found a burning altar of Makhleb.
  3699 | D:3      | Reached XP level 6. HP: 32/32 MP: 7/10
  4140 | D:4      | Noticed an orc warrior
  4141 | D:4      | an orc warrior changed into a jelly
  4145 | D:4      | Reached skill level 9 in Air Magic
  4365 | D:4      | Reached XP level 7. HP: 36/36 MP: 0/11
  4397 | D:4      | Noticed Eustachio
  4473 | D:3      | Killed Eustachio
  4474 | D:3      | Reached skill level 10 in Air Magic
  5041 | D:4      | Reached skill level 11 in Air Magic
  5126 | D:4      | Found an iron altar of Okawaru.
  5394 | D:4      | Found a white marble altar of Elyvilon.
  5556 | D:5      | Entered Level 5 of the Dungeon
  5584 | D:5      | Reached skill level 1 in Fighting
  5700 | D:5      | Reached XP level 8. HP: 43/43 MP: 6/12
  5705 | D:5      | Reached skill level 1 in Armour
  5798 | D:5      | Reached skill level 1 in Evocations
  6121 | D:5      | Found a runed translucent door.
  6122 | D:5      | Noticed Crazy Yiuf
  6127 | D:5      | Killed Crazy Yiuf
  6253 | D:6      | Found a transporter.
  6259 | D:6      | Identified the +1 scale mail "Vaettep" {rElec rC+ Int-5}
  6259 | D:6      | Identified the +3 kite shield of Urawnen {rPois rF+}
  6709 | D:6      | Found a transporter.
  7004 | D:6      | Noticed Dordric's ghost (novice FoFi)
  7533 | D:7      | Found a basalt altar of Yredelemnul.
  7923 | D:7      | Reached XP level 9. HP: 45/50 MP: 3/16
  8116 | D:6      | Reached skill level 5 in Dodging
  8359 | D:7      | Reached skill level 5 in Spellcasting
  8901 | D:7      | Found a shimmering altar of Xom.
  9035 | D:7      | Identified the +7 rapier "Luzuwig" {holy, Str+2 SInv}
  9222 | D:7      | Found a staircase to the Ecumenical Temple.
  9241 | Temple   | Entered the Ecumenical Temple
  9284 | Temple   | Became a worshipper of Vehumet
  9440 | D:8      | Found Hull's Antique Armour Shoppe.
  9443 | D:8      | Reached skill level 12 in Air Magic
  9501 | D:8      | Bought a twisted robe for 125 gold pieces
  9501 | D:8      | Identified the +2 robe "Uruijahi" {Harm Fly MP-9 Dex+5}
                  | (You bought it in a shop on level 8 of the Dungeon)
  9501 | D:8      | Bought a bloodstained robe for 125 gold pieces
  9501 | D:8      | Identified the +2 robe of Limited Liability {Str+6} (You
                  | bought it in a shop on level 8 of the Dungeon)
 10085 | D:8      | Found a staircase to the Lair.
 10111 | D:8      | Reached skill level 13 in Air Magic
 10265 | D:8      | Found Naoceuh's Assorted Antiques.
 10424 | D:8      | Reached XP level 10. HP: 56/56 MP: 3/18
 10440 | D:7      | Reached skill level 14 in Air Magic
 10711 | D:8      | Found Cenikh's Antique Weapon Shop.
 10735 | D:8      | Found Umijeemmoun's Weapon Shoppe.
 10958 | D:8      | Reached * piety under Vehumet
 10958 | D:8      | Offered knowledge of Foxfire by Vehumet.
 12027 | D:9      | Found a blossoming altar of Fedhas.
 12088 | D:9      | Noticed an ice statue
 12307 | Lair:1   | Entered Level 1 of the Lair of Beasts
 12536 | D:8      | Found Umijeemmoun's Weapon Shoppe.
 12578 | D:8      | Found Naoceuh's Assorted Antiques.
 12895 | D:8      | Found a staircase to the Lair.
 12922 | D:8      | Found Cenikh's Antique Weapon Shop.
 13371 | Lair:1   | Noticed a cane toad
 13380 | D:8      | Reached skill level 5 in Conjurations
 14236 | D:9      | Noticed Joseph
 14245 | D:9      | Killed Joseph
 14431 | D:9      | Found a hazy altar of Hepliaklqana.
 14568 | D:9      | Found Jozaohit's Weapon Shop.
 14741 | D:9      | Found an opulent altar of Gozag.
 14821 | D:9      | Offered knowledge of Poisonous Vapours by Vehumet.
 14901 | D:9      | Learned a level 2 spell: Poisonous Vapours
 14905 | D:9      | Learned a level 3 spell: Swiftness
 15276 | D:9      | Killed an ice statue
 15398 | D:10     | Entered Level 10 of the Dungeon
 15398 | D:10     | Noticed a two-headed ogre
 15402 | D:10     | Killed a two-headed ogre
 15403 | D:10     | Reached skill level 5 in Stealth
 15403 | D:10     | Reached XP level 11. HP: 62/62 MP: 3/21
 15405 | D:9      | Reached ** piety under Vehumet
 15777 | D:10     | Reached skill level 5 in Fighting
 17093 | D:8      | HP: 4/64 [cane toad (15)]
 17094 | D:8      | Slain by a cane toad

Illustrated notes

Levels and vault maps discovered:
D:1:      evilmike_arrival_rings, layout_basic, serial_forest,
          infiniplex_forest_corner_1, infiniplex_forest_split,
          infiniplex_forest_corner_1, infiniplex_forest_clump_curved,
          infiniplex_forest_lined_corner, infiniplex_forest_clump_double,
          infiniplex_forest_lined_2
D:2:      layout_loops_ring, shapermc_ecumenical_altar_venn, basic_altar
D:3:      layout_basic, lemuel_doored_altar
D:4:      layout_basic, old_standard_altar, kennysheep_okawaru_gauntlet,
          serial_bayou_lagoon_a, fountainhead, corexii_leaking_fountain,
          uniq_eustachio
D:5:      layout_rooms, minmay_tree_intersection, uniq_crazy_yiuf_cottage
D:6:      layout_basic, gammafunk_ghost_gnarly_gnolls, minivault_11
D:7:      layout_rooms, overflow_temple_1_default, yredelemnul_altar_generic,
          minmay_temple_entry_offerings
D:8:      layout_cave_pods, lair_entry_dummy, serial_shops, nicolae_square_shop,
          nicolae_shop_temple_entry_statues_fountains, shop, kennysheep_mini
D:9:      layout_roguey, old_standard_altar, lemuel_coloured_pillars_altar,
          old_standard_altar, serial_shops, nicolae_take_the_stairs,
          minmay_statue_bubble, uniq_joseph
D:10:     layout_basic
Temple:   eino_narrow_crystal_temple
Lair:1:   layout_concentric_octagons, st_stairs_10, minmay_lair_oklob_chamber,
          grunt_megastairs_1, serial_bayou_shore_a

Skill      XL: |  1  2  3  4  5  6  7  8  9 10 11 |
---------------+----------------------------------+-----
Air Magic      | 5 6 8 9 11 13 14 | 14.0
Fighting       | 1 3 4 5 |  5.7
Armour         | 1 3 4 |  4.0
Evocations     | 3 |  3.0
Dodging        | 4 5 6 7 |  7.1
Stealth        | 3 5 |  5.0
Spellcasting   | 4 5 6 |  6.0
Conjurations   | 4 6 7 |  7.3

Action                   |  1- 3 |  4- 6 |  7- 9 | 10-12 || total
-------------------------+-------+-------+-------+-------++-------
Melee: Dagger            |   177 |     9 |     1 |       ||   187
       Kick              |    65 |     1 |     5 |    13 ||    84
       Peck              |    56 |     2 |     2 |    10 ||    70
       Staff             |       |     4 |     4 |     5 ||    13
       Short sword       |       |       |    11 |       ||    11
       Rapier            |       |       |     3 |    14 ||    17
       Whip              |       |       |       |    10 ||    10
Throw: Dart              |       |     6 |       |       ||     6
 Cast: Shock             |    69 |    96 |   102 |    43 ||   310
       Airstrike         |       |     6 |    89 |   126 ||   221
       Swiftness         |       |       |       |     5 ||     5
       Poisonous Vapours |       |       |       |     1 ||     1
Evoke: Wand              |       |     1 |     5 |     4 ||    10
  Use: Scroll            |       |     9 |     3 |     1 ||    13
       Potion            |       |     2 |       |     1 ||     3
 Stab: Distracted        |       |       |       |     1 ||     1
Armor: Robe              |     5 |     5 |     3 |    29 ||    42
       Skin              |       |     7 |       |       ||     7
Dodge: Dodged            |     7 |    15 |    36 |   101 ||   159

Table legend: (Time is in decaauts)
 A = Elapsed time spent in this place.
 B = Non-inter-level travel time spent in this place.
 C = Inter-level travel time spent in this place.
 D = Time resting spent in this place.
 E = Time spent auto-exploring this place.
 F = Levels seen in this place.
 G = Mean time per level.
                   A        B        C        D        E       F      G
               +--------+--------+--------+--------+--------+-----+--------+
         Total |  16541 |  16025 |    516 |   3868 |  10199 |  12 | 1378.4 |
       Dungeon |  16383 |  15884 |    499 |   3868 |  10068 |  10 | 1638.3 |
        Temple |    149 |    134 |     15 |      0 |    130 |   1 |  149.0 |
          Lair |      7 |      6 |      1 |      0 |      0 |   1 |    7.0 |
               +--------+--------+--------+--------+--------+-----+--------+

Top non-repeatable levels by time:
     D:8: 3581 daAuts
     D:9: 1983 daAuts
     D:7: 1837 daAuts
     D:1: 1740 daAuts
     D:6: 1634 daAuts
     D:3: 1585 daAuts
     D:4: 1145 daAuts
     D:2: 986 daAuts
    D:10: 980 daAuts
     D:5: 909 daAuts
  Temple: 149 daAuts
  Lair:1: 7 daAuts
